cohdb
Replays
Latest Replays
All Replays
Popular Replays
Top Player Replays
Match Explorer
How It Works
Community
CoH3 Stats
Reddit
Sign in to upload your games and track your stats! →
Sign in with Steam
Match 40797417
Unlisted
Match 40797417
Overview
Messages
Build Orders
End
Construct Barracks
Selects Advanced Infantry Battlegroup
Riflemen Squad
Riflemen Squad
M1 Mortar Team
Infantry Support Center
Riflemen Squad
Selects Convert to Ranger Squad
Advanced Logistics
Selects Frontline Medical Station
Convert to Ranger Squad
Survival Training
Construct Weapon Support Center
Frontline Medical Station
Convert to Ranger Squad
Engineer Squad
Improved M9 Bazooka Rockets
Selects Ranger Weapon Training
Convert to Ranger Squad
Construct Tank Depot
Selects Ammunition Storage
Selects M2A1 105mm Howitzer Emplacement
Selects 155mm Rapid Artillery Barrage
M4A1 Sherman Medium Tank
M4A1 Sherman Medium Tank
魂归来兮
Tiger Ace
hepelaion
Beairix schwire
Nuclear Viking
TAMORI
incineration
L1mbo
0
0
Comments
sign in to comment!
No comments posted yet!